 Dungeon Crawl Stone Soup version 0.32-a0-893-gf85d74f360 (webtiles) character file.

Game seed: 10058446811689233066

1008 spaghetti the Summoner (level 8, -12/41 HPs)
             Began as a Tengu Summoner on Apr 3, 2024.
             Killed by an exploding blazeheart core (28 damage)
             ... on level 6 of the Dungeon.
             The game lasted 00:12:06 (5770 turns).

spaghetti the Summoner (Tengu Summoner)             Turns: 5770, Time: 00:12:07

Health: -12/41     AC:  2    Str:  8    XL:     8   Next: 20%
Magic:  19/27      EV: 15    Int: 19    God:
Gold:   174        SH:  0    Dex: 14    Spells: 5/19 levels left

rFire   . . .        (no weapon)
rCold   . . .        (no shield)
rNeg    . . .        a - +0 robe
rPois   .            (helmet restricted)
rElec   .            (no cloak)
rCorr   +            (no gloves)
SInv    .            (boots unavailable)
Will    .....        (no amulet)
Stlth   ++           d - ring of resist corrosion
HPRegen 0.26/turn    g - ring of magical power
MPRegen 0.20/turn

%: acrobat
@: flying, inugami summoned
A: beak, talons 3, evasive flight, acrobatic
a: no special abilities


You were on level 6 of the Dungeon.
You visited 1 branch of the dungeon, and saw 6 of its levels.

You collected 174 gold pieces.

Inventory:

Armour
 a - a +0 robe (worn)
 m - the +4 ring mail of the Bull {rPois rF- SInv}
   (You found it on level 3 of the Dungeon)

   rF-:       It makes you vulnerable to fire.
   rPois:     It protects you from poison.
   SInv:      It lets you see invisible.
Jewellery
 d - a ring of resist corrosion (left hand)
 g - a ring of magical power (right hand)
 k - a ring of ice
 l - a ring of fire
Scrolls
 c - 2 scrolls of blinking
 e - 3 scrolls of teleportation
 h - 2 scrolls of enchant armour
 i - a scroll of torment
 j - a scroll of noise
 n - a scroll of immolation
 o - a scroll of silence
 p - a scroll of revelation
 q - a scroll of identify
Potions
 b - a potion of magic
 f - a potion of enlightenment


   Skills:
 - Level 2.1 Dodging
 - Level 2.0 Stealth
 - Level 6.0 Spellcasting
 + Level 8.4 Summonings
 - Level 4.0 Fire Magic


You had 5 spell levels left.
You knew the following spells:

 Your Spells              Type           Power      Damage    Failure   Level
a - Summon Small Mammal   Summ           100%       N/A       1%          1
b - Call Imp              Summ           74%        N/A       1%          2
c - Call Canine Familiar  Summ           37%        N/A       1%          3
d - Summon Blazeheart Go  Fire/Summ      29%        N/A       9%          4
e - Summon Lightning Spi  Summ/Air       21%        N/A       21%         4

Your spell library contained the following spells:

 Spells                   Type           Power      Damage    Failure   Level
 Magic Dart               Conj           20%        1d4       11%         1
 Lesser Beckoning         Tloc           10%        N/A       17%         2
 Searing Ray              Conj           10%        2d4       17%         2
 Frozen Ramparts          Ice            10%        1d2       32%         3
 Maxwell's Portable Pile  Tloc           5%         2d(5-15)  32%         3
 Ozocubu's Armour         Ice            5%         N/A       32%         3
 Teleport Other           Tloc           5%         N/A       32%         3
 Fulminant Prism          Conj/Alch      2%         3d5       73%         4
 Iskenderun's Battlesphe  Conj           5%         2d6       97%         5
 Metabolic Englaciation   Hex/Ice        2%         N/A       97%         5
 Bombard                  Conj/Erth      2%         9d1       100%        6
 Spellforged Servitor     Conj/Summ      10%        N/A       100%        7


Dungeon Overview and Level Annotations

Branches:
Dungeon (6/15)             Temple (0/1) D:5

Altars:
Dithmenos
Elyvilon
Fedhas
Gozag
Hepliaklqana
Makhleb
Nemelex Xobeh
Okawaru
Ru
Sif Muna
Trog
Uskayaw
Wu Jian

Shops:
D:1 *   D:4 :

Annotations:
D:2 Natasha
D:3 3 runed translucent doors, JoadsterXIII's ghost, amateur OnSh


Innate Abilities, Weirdness & Mutations

You have a beak for a mouth.
You have claws for feet.
Your magical flight helps you evade attacks. (EV +4)
You can magically evade attacks while moving or waiting.


Message History

Casting: Call Canine Familiar (safe; 1% risk of failure)
Confirm with . or Enter, or press ? or * to list all spells.
A tiny devil pulls itself out of the air.
Your blazeheart golem's core grows cold and it stops moving.
The iguana closely misses you. The bombardier beetle bites you.
Your blazeheart golem's core flares to life once more.
The iguana bites your inugami.
Your cerulean imp hits the iguana with a -1 spear.
You see here an adder corpse.
Unknown command.
Unknown command.
You hit the bombardier beetle but do no damage.
You claw the bombardier beetle.
The bombardier beetle is almost dead.
The bombardier beetle bites you.
Your inugami hits the iguana.
Your blazeheart golem punches the bombardier beetle.
The bombardier beetle dies!
Your cerulean imp hits the iguana but does no damage.
Unknown command.
You hit the iguana but do no damage. You claw the iguana, but do no damage.
You peck the iguana, but do no damage.
The iguana is moderately wounded.
Your inugami hits the iguana. The iguana bites you.
Your cerulean imp closely misses the iguana.
You barely miss the iguana.
The iguana is heavily wounded.
Your inugami hits the iguana but does no damage.
Your blazeheart golem punches the iguana.
Your blazeheart golem falls apart, revealing its core!
The iguana bites your inugami.
Your cerulean imp barely misses the iguana.
Unknown command.
You closely miss the iguana. You claw the iguana, but do no damage.
The iguana is severely wounded.
Your blazeheart core explodes!
The fiery explosion engulfs the iguana!!!
You kill the iguana!
The fiery explosion engulfs you!!
Ouch! That really hurt!
You die...

#.......#..##.#
######.##
............>##.#
#.....#
##.(...#.....##.#
#.#####
#.....#####.##.#
#.# #.....#
#.##.# #.#
#.....#
#.##.#####.#
#.....
#.##.......# ####
#####h##########
#....○@..#
#...5☼○☼.#
#....☼..^#
#........#
#........#
+........#
#....!...#
..........


You could see a friendly cerulean imp (summoned) and a friendly inugami
(summoned).

Vanquished Creatures
  3 hounds (D:5)
  An iguana (D:6)
  2 orc wizards
  3 adders
  2 dart slugs
  7 orcs
  7 bats
  4 endoplasms
  3 giant cockroaches
  4 goblins
  3 hobgoblins
  A jackal (D:4)
  3 kobolds
  A quokka (D:4)
  5 ball pythons
  4 frilled lizards
  2 rats
55 creatures vanquished.

Vanquished Creatures (collateral kills)
  Duvessa (D:4)
  An ice beast (D:6)
  An ogre (D:5)
  Dowan (D:4)
  2 bombardier beetles
  An orc priest (D:5)
  A hound (D:5)
  A jelly (D:4)
  Natasha (twice) (D:2)
  An iguana (D:4)
  3 orc wizards
  3 gnolls (D:4)
  7 adders
  3 ribbon worms
  10 orcs
  2 endoplasms
  2 giant cockroaches (D:4)
  A goblin (D:3)
  3 hobgoblins
  A jackal (D:4)
  4 quokkas
  2 ball pythons
  2 frilled lizards
  3 rats
58 creatures vanquished.

Vanquished Creatures (others)
  A blazeheart core (D:6)
1 creature vanquished.

Grand Total: 114 creatures vanquished

Notes
Turn   | Place    | Note
-------+----------+-------------------------------------------
     0 | D:1      | spaghetti the Tengu Summoner began the quest for the Orb.
     0 | D:1      | Reached XP level 1. HP: 10/10 MP: 4/4
    86 | D:1      | Reached skill level 5 in Summonings
   189 | D:1      | Reached XP level 2. HP: 8/15 MP: 3/6
   485 | D:1      | Found Gaysima's General Store.
   591 | D:1      | Reached XP level 3. HP: 12/19 MP: 5/7
   604 | D:1      | Learned a level 2 spell: Call Imp
   608 | D:1      | Learned a level 3 spell: Call Canine Familiar
   702 | D:1      | Reached skill level 6 in Summonings
  1291 | D:2      | Reached XP level 4. HP: 12/24 MP: 4/8
  1565 | D:2      | Noticed Natasha
  1571 | D:2      | Killed Natasha
  1572 | D:2      | Reached skill level 7 in Summonings
  1750 | D:2      | Noticed Natasha
  1778 | D:2      | Killed Natasha
  1779 | D:2      | Reached XP level 5. HP: 17/28 MP: 10/10
  1986 | D:2      | Noticed Natasha
  2143 | D:3      | Found a faded altar of an unknown god.
  2272 | D:3      | Identified the +4 ring mail of the Bull {rPois rF- SInv}
  2435 | D:3      | Noticed JoadsterXIII's ghost (amateur OnSh)
  2450 | D:3      | Found a runed translucent gate.
  2450 | D:3      | Found a runed translucent gate.
  2451 | D:3      | Found a runed translucent gate.
  3014 | D:4      | Noticed Duvessa
  3039 | D:4      | Killed Duvessa
  3040 | D:4      | Reached XP level 6. HP: 32/32 MP: 12/13
  3040 | D:4      | Noticed Dowan
  3049 | D:4      | Killed Dowan
  3264 | D:4      | Reached skill level 5 in Spellcasting
  3492 | D:4      | Gained mutation: Your magical flight helps you evade
                  | attacks. (EV +4) [Tengu growth]
  3492 | D:4      | Reached XP level 7. HP: 10/36 MP: 16/16
  3911 | D:4      | Found Epnyim's Book Shoppe.
  3932 | D:4      | Learned a level 4 spell: Summon Blazeheart Golem
  4006 | D:4      | Reached skill level 1 in Fire Magic
  4437 | D:5      | Entered Level 5 of the Dungeon
  4516 | D:5      | Found a staircase to the Ecumenical Temple.
  4643 | D:5      | Found a hazy altar of Hepliaklqana.
  4649 | D:5      | Found an opulent altar of Gozag.
  4651 | D:5      | Found a shimmering blue altar of Sif Muna.
  4652 | D:5      | Found a bloodstained altar of Trog.
  4728 | D:5      | Found a white marble altar of Elyvilon.
  4728 | D:5      | Found a sacrificial altar of Ru.
  4728 | D:5      | Found a burning altar of Makhleb.
  4728 | D:5      | Found an ornate altar of the Wu Jian Council.
  4728 | D:5      | Found a hide-covered altar of Uskayaw.
  4729 | D:5      | Found a shadowy altar of Dithmenos.
  4731 | D:5      | Found an iron altar of Okawaru.
  4734 | D:5      | Found a blossoming altar of Fedhas.
  4859 | D:5      | Learned a level 4 spell: Summon Lightning Spire
  5116 | D:5      | Reached XP level 8. HP: 27/41 MP: 18/18
  5619 | D:6      | Reached skill level 8 in Summonings
  5690 | D:6      | Found a sparkling altar of Nemelex Xobeh.
  5770 | D:6      | Killed by an exploding blazeheart core

Illustrated notes

Levels and vault maps discovered:
D:1:      minmay_arrival_widening_spiral_wide, layout_basic, serial_shops,
          nicolae_shop_tiny_waterfront, minmay_misc_feat_tiny
D:2:      layout_rooms, uniq_natasha
D:3:      layout_basic, gammafunk_ghost_split, serial_forest,
          infiniplex_forest_lined_4_way, infiniplex_forest_clump_curved,
          infiniplex_forest_clump_C, infiniplex_forest_end_3,
          infiniplex_forest_clump_cross, infiniplex_forest_lined_4_way,
          infiniplex_forest_clump_small, dreamdust_ecumenical_altar_statues,
          glass_columns_a
D:4:      layout_loops_corners, nicolae_stop_n_shop_1, uniq_duvessa
D:5:      layout_cave_pools, minitemple, minmay_temple_entry_glass,
          kennysheep_small_circle
D:6:      layout_basic, kennysheep_mini_moat, mainiacjoe_overflow_paths,
          serial_shops, nicolae_shop_waterfront

Skill      XL: |  1  2  3  4  5  6  7  8 |
---------------+-------------------------+-----
Summonings     | 5 6 7 8 |  8.4
Spellcasting   | 4 5 6 |  6.0
Fire Magic     | 4 |  4.0
Dodging        | |  2.1
Stealth        | |  2.0

Action                     |  1- 3 |  4- 6 |  7- 9 || total
---------------------------+-------+-------+-------++-------
  Melee: Unarmed           |    75 |   109 |   116 ||   300
         Kick              |    26 |    32 |    38 ||    96
         Peck              |    11 |    19 |    27 ||    57
         Punch             |       |       |     1 ||     1
   Cast: Summon Small Mamm |    22 |     7 |    18 ||    47
         Call Canine Famil |     7 |    17 |    15 ||    39
         Call Imp          |     5 |    21 |    18 ||    44
         Summon Blazeheart |       |       |     2 ||     2
    Use: Scroll            |       |    10 |     4 ||    14
         Potion            |       |     3 |     2 ||     5
   Stab: Sleeping          |     4 |     2 |     2 ||     8
         Distracted        |       |     1 |       ||     1
 Armour: Robe              |    59 |    69 |    77 ||   205
  Dodge: Dodged            |    75 |    78 |   113 ||   266

Table legend: (Time is in decaauts)
 A = Elapsed time spent in this place.
 B = Non-inter-level travel time spent in this place.
 C = Inter-level travel time spent in this place.
 D = Time resting spent in this place.
 E = Time spent auto-exploring this place.
 F = Levels seen in this place.
 G = Mean time per level.
                   A        B        C        D        E       F      G
               +--------+--------+--------+--------+--------+-----+--------+
         Total |   5776 |   5626 |    150 |    527 |   4055 |   6 |  962.7 |
       Dungeon |   5776 |   5626 |    150 |    527 |   4055 |   6 |  962.7 |
               +--------+--------+--------+--------+--------+-----+--------+

Top non-repeatable levels by time:
     D:4: 1717 daAuts
     D:2: 1009 daAuts
     D:1: 1000 daAuts
     D:3: 995 daAuts
     D:5: 864 daAuts
     D:6: 189 daAuts
